 Dungeon Crawl Stone Soup version 0.29-a0-584-gb10a8bf730 (webtiles) character file.

Game seed: 15556024479098750677

5554 Gargoyl the Fighter (level 10, -3/65 HPs)
             Began as a Gargoyle Berserker on June 15, 2022.
             Was a Priest of Trog.
             Slain by a tengu warrior
             ... wielding a +0 great sword
              (16 damage)
             ... on level 10 of the Dungeon.
             The game lasted 00:11:39 (9445 turns).

Gargoyl the Fighter (Gargoyle Berserker)            Turns: 9445, Time: 00:11:39

Health: -3/65      AC: 18    Str: 21    XL:     10   Next: 71%
Magic:  10/10      EV: 14    Int:  8    God:    Trog [***...]
Gold:   85         SH:  0    Dex: 25    Spells: 9/9 levels left

rFire   + . .      SeeInvis .   f - +4 dagger (drain)
rCold   . . .      Faith    .   (no shield)
rNeg    + . .      Spirit   .   i - +0 scale mail {rF+}
rPois   ∞          Reflect  .   j - +0 helmet
rElec   +          Harm     .   (no cloak)
rCorr   .          Rampage  .   (no gloves)
Will    ++...                   b - +0 pair of boots
Stlth   ++........              (no amulet)
HPRegen 1.20/turn               e - +6 ring of dexterity
MPRegen 0.12/turn               g - +6 ring of dexterity

@: strong-willed, on berserk cooldown, flying, regenerating, slowed, very slow
A: sickness immunity, AC +7, negative energy resistance 1, electricity
resistance, torment resistance 1, petrification resistance
a: Renounce Religion, Berserk, Trog's Hand


You were on level 10 of the Dungeon.
You worshipped Trog.
Trog was most pleased with you.
You visited 1 branch of the dungeon, and saw 10 of its levels.

You collected 536 gold pieces.
You spent 451 gold pieces at shops.

Inventory:

Hand Weapons
 a - a +1 hand axe
 f - a +4 dagger of draining (weapon)
 p - a +6 long sword
 A - a +0 hand axe of electrocution
Missiles
 q - 29 poisoned darts (quivered)
 s - a throwing net
Armour
 b - a +0 pair of boots (worn)
 i - a +0 scale mail of fire resistance (worn)
 j - a +0 helmet (worn)
 y - the +4 chain mail of the Minstrel {-Tele Harm Rampage rPois}
   (You found it on level 8 of the Dungeon)

   rPois:     It protects you from poison.
   -Tele:     It prevents most forms of teleportation.
   Harm:      It increases damage dealt and taken.
   Rampage:   It bestows one free step when moving towards enemies.
Jewellery
 d - a ring of resist corrosion
 e - a +6 ring of dexterity (left hand)
 g - a +6 ring of dexterity (right hand)
Wands
 k - a wand of flame (21)
 l - a wand of acid (7)
 o - a wand of iceblast (23)
Scrolls
 c - a scroll of poison
 h - 2 scrolls of blinking
 n - 4 scrolls of fear
 w - 2 scrolls of teleportation
Potions
 m - a potion of curing
 r - a potion of magic
 t - a potion of might
 u - a potion of haste
 v - a potion of flight
 z - a potion of attraction {unknown}


   Skills:
 + Level 8.7 Fighting
 + Level 8.1 Short Blades
 + Level 3.6 Axes
 + Level 8.4 Armour
 + Level 5.5 Dodging
 + Level 3.6 Stealth


You had 9 spell levels left.
You didn't know any spells.
Your spell library was empty.

Dungeon Overview and Level Annotations

Branches:
Dungeon (10/15)            Temple (0/1) D:4             Orc (0/2) D:9
   Lair: D:8-11

Altars:
Trog
Xom

Shops:
D:4 [   D:6 *   D:9 (!


Innate Abilities, Weirdness & Mutations

You are immune to sickness and miasma.
Your stone body is resilient. (AC +7)
You are immune to poison.
You resist negative energy. (rN+)
You are resistant to electric shocks. (rElec)
You are resistant to unholy torment.
You are immune to petrification.


Message History

You feel less confused.
The tengu warrior hits you with a +0 great sword!
The tengu warrior barely misses you.
The tengu warrior claws you but does no damage.
Unknown command.
You hit the tengu warrior.
The tengu warrior is moderately wounded.
The tengu warrior hits you with a +0 great sword.
The tengu warrior closely misses you. The tengu warrior claws you.
Unknown command.
You hit the tengu warrior.
The tengu warrior is moderately wounded.
The tengu warrior hits you but does no damage.
The tengu warrior misses you.
The tengu warrior claws you but does no damage.
Unknown command.
You hit the tengu warrior. You drain the tengu warrior.
The tengu warrior is heavily wounded.
You feel the effects of Trog's Hand fading.
The tengu warrior hits you but does no damage.
The tengu warrior pecks you but does no damage.
The tengu warrior claws you but does no damage.
Unknown command.
You hit the tengu warrior but do no damage.
You drain the tengu warrior.
The tengu warrior is heavily wounded.
The tengu warrior hits you with a +0 great sword!
* * * LOW HITPOINT WARNING * * *
The tengu warrior barely misses you. The tengu warrior claws you.
* * * LOW HITPOINT WARNING * * *
You hit the tengu warrior. You drain the tengu warrior.
The tengu warrior is severely wounded.
The tengu warrior closely misses you. The tengu warrior misses you.
The tengu warrior claws you.
* * * LOW HITPOINT WARNING * * *
Unknown command.
Your skin crawls.
You feel strong-willed.
The tengu warrior hits you with a +0 great sword!
You die...

##+# #<.# ##.##
#..# ###'### #
#.....# ...
#.....#####.....
#.....'.@Q......
#.....#####.....
####+## ... #


You could see a tengu warrior (drained).

Vanquished Creatures
  2 hornets (D:7)
  The ghost of shaman420 the Skirmisher, an amateur OpHu (D:3)
  A shadow (D:9)
  4 wyverns
  4 yaks (D:8)
  4 wargs (D:9)
  An acid dragon (D:9)
  2 water moccasins
  An orc warrior (D:7)
  An ice beast (D:8)
  A sky beast (D:6)
  A centaur (D:8)
  4 kobold brigands
  4 bullfrogs
  A necrophage (D:7)
  2 scorpions
  5 wights (D:7)
  12 killer bees
  An electric eel (D:9)
  5 hounds
  A jelly (D:7)
  4 orc priests
  3 iguanas
  Natasha (thrice) (D:4)
  5 orc wizards
  4 gnolls (D:2)
  8 adders
  3 white imps
  2 ufetubi
  3 worms
  2 dart slugs
  21 orcs
  A bat (D:3)
  5 endoplasms
  2 giant cockroaches
  6 hobgoblins
  15 jackals
  25 kobolds
  6 quokkas
  2 ball pythons
  3 frilled lizards
  11 goblins
  10 rats
202 creatures vanquished.

Vanquished Creatures (collateral kills)
  2 adders (D:5)
2 creatures vanquished.

Vanquished Creatures (others)
  A sky beast (D:6)
1 creature vanquished.

Grand Total: 205 creatures vanquished

Notes
Turn   | Place    | Note
-------+----------+-------------------------------------------
     0 | D:1      | Gargoyl the Gargoyle Berserker began the quest for the Orb.
     0 | D:1      | Reached XP level 1. HP: 14/14 MP: 1/1
   276 | D:1      | Reached XP level 2. HP: 19/19 MP: 2/2
   912 | D:2      | Reached XP level 3. HP: 21/24 MP: 3/3
   985 | D:2      | Reached XP level 4. HP: 12/29 MP: 4/4
  1227 | D:2      | Reached skill level 1 in Stealth
  1506 | D:2      | You fall into a shaft and drop 2 floors!
  1518 | D:4      | Noticed a scorpion
  1525 | D:4      | Killed a scorpion
  1526 | D:4      | Reached XP level 5. HP: 31/34 MP: 5/5
  1529 | D:4      | Reached skill level 1 in Short Blades
  1530 | D:4      | Found a staircase to the Ecumenical Temple.
  1542 | D:4      | Reached ** piety under Trog
  1725 | D:4      | Noticed Natasha
  1731 | D:4      | Killed Natasha
  1732 | D:4      | Reached skill level 5 in Fighting
  1743 | D:4      | Noticed Natasha
  1749 | D:4      | Killed Natasha
  1750 | D:4      | Reached XP level 6. HP: 40/40 MP: 6/6
  2469 | D:3      | Found a runed translucent door.
  2495 | D:3      | Noticed shaman420's ghost (amateur OpHu)
  2743 | D:2      | Found a faded altar of an unknown god.
  2803 | D:2      | Found a shimmering altar of Xom.
  3391 | D:3      | Killed shaman420's ghost
  3392 | D:3      | Reached XP level 7. HP: 32/45 MP: 7/7
  3526 | D:4      | Found Inogof's Armour Boutique.
  3540 | D:4      | Bought a +0 scale mail of fire resistance for 110 gold
                  | pieces
  3540 | D:4      | Bought a +0 helmet for 45 gold pieces
  3844 | D:4      | Reached *** piety under Trog
  3950 | D:4      | Noticed Natasha
  3957 | D:4      | Killed Natasha
  4193 | D:5      | Entered Level 5 of the Dungeon
  4357 | D:5      | Reached XP level 8. HP: 49/51 MP: 8/8
  5496 | D:6      | Reached skill level 5 in Armour
  5617 | D:6      | Found Ykupasm's Assorted Antiques.
  5958 | D:6      | Noticed a wyvern
  5970 | D:6      | Killed a wyvern
  6462 | D:7      | Reached XP level 9. HP: 56/56 MP: 9/9
  6469 | D:7      | Reached skill level 5 in Short Blades
  6677 | D:7      | Noticed a hornet
  6693 | D:7      | Killed a hornet
  6966 | D:7      | Noticed a hornet
  6999 | D:7      | Killed a hornet
  7501 | D:8      | Noticed a moth of wrath
  7504 | D:8      | Found a bloodstained altar of Trog.
  7676 | D:8      | Reached XP level 10. HP: 64/64 MP: 10/10
  7695 | D:8      | Reached skill level 5 in Dodging
  7994 | D:8      | Identified the +4 chain mail of the Minstrel {-Tele Harm
                  | Rampage rPois}
  8712 | D:9      | Found a staircase to the Orcish Mines.
  8874 | D:9      | Found Zihustrie's Distillery.
  8882 | D:9      | Bought a potion of curing for 39 gold pieces
  8882 | D:9      | Bought a potion of ambrosia for 104 gold pieces
  8882 | D:9      | Bought a potion of curing for 39 gold pieces
  8969 | D:9      | Found Humpuzxo's Weapon Shoppe.
  8991 | D:9      | Bought a +0 hand axe of electrocution for 114 gold pieces
  9399 | D:10     | Entered Level 10 of the Dungeon
  9410 | D:10     | Noticed a tengu warrior
  9445 | D:10     | Slain by a tengu warrior

Illustrated notes

Levels and vault maps discovered:
D:1:      minmay_arrival_floating_metal, layout_basic, minmay_bisected
D:2:      layout_loops_ring, basic_altar, basic_ecumenical_altar,
          wander_ebering_terrifying_dragon_lair
D:3:      layout_loops_ring, ebering_ghost_reflecting_pool
D:4:      layout_gridville, minmay_temple_entry_crystal_x, serial_shops, shop,
          roderic_serpentine_path, uniq_natasha
D:5:      layout_basic, minivault_19, chequers_decorated_corner
D:6:      lemuel_ice_spiral_2, layout_basic, serial_shops,
          nicolae_shop_advertising_works [nicolae_subvault_shop_adworks]
D:7:      layout_basic
D:8:      layout_loops_ring, tgw_trog
D:9:      layout_basic, minmay_orc_entry_guard_dogs, serial_shops,
          nicolae_shop_waterfront, shop, lemuel_flamethrower_1
D:10:     layout_roguey, david_lair_generic, serial_rivers,
          chequers_serial_rivers_marsh, chequers_serial_rivers_micro_b,
          chequers_serial_rivers_small_3, chequers_serial_rivers_small_a,
          chequers_serial_rivers_room_b, uniq_harold

Skill      XL: |  1  2  3  4  5  6  7  8  9 10 |
---------------+-------------------------------+-----
Axes           | 3 |  3.6
Fighting       | 4 5 6 7 8 |  8.7
Stealth        | 1 2 3 |  3.6
Dodging        | 2 3 4 5 |  5.5
Short Blades   | 1 3 4 6 8 |  8.1
Armour         | 3 4 6 7 8 |  8.4

Action                   |  1- 3 |  4- 6 |  7- 9 | 10-12 || total
-------------------------+-------+-------+-------+-------++-------
Melee: Hand axe          |    22 |       |       |    21 ||    43
       Dagger            |    27 |   177 |   411 |   184 ||   799
       Punch             |       |     1 |     7 |     2 ||    10
Invok: Berserk           |     1 |     2 |     6 |     4 ||    13
       Trog's Hand       |       |     3 |     8 |     5 ||    16
  Use: Scroll            |     5 |     2 |     7 |     3 ||    17
       Potion            |       |     1 |     2 |     4 ||     7
 Stab: Sleeping          |     1 |     2 |       |     1 ||     4
       Distracted        |       |     1 |     1 |       ||     2
Armor: Animal skin       |    14 |    29 |       |       ||    43
       Scale mail        |       |    24 |   205 |   113 ||   342
       Skin              |       |    14 |       |       ||    14
Dodge: Dodged            |    31 |    81 |   282 |   149 ||   543

Table legend: (Time is in decaauts)
 A = Elapsed time spent in this place.
 B = Non-inter-level travel time spent in this place.
 C = Inter-level travel time spent in this place.
 D = Time resting spent in this place.
 E = Time spent auto-exploring this place.
 F = Levels seen in this place.
 G = Mean time per level.
                   A        B        C        D        E       F      G
               +--------+--------+--------+--------+--------+-----+--------+
         Total |   9407 |   9097 |    310 |    291 |   6986 |  10 |  940.7 |
       Dungeon |   9407 |   9097 |    310 |    291 |   6986 |  10 |  940.7 |
               +--------+--------+--------+--------+--------+-----+--------+

Top non-repeatable levels by time:
     D:3: 1244 daAuts
     D:9: 1162 daAuts
     D:6: 1160 daAuts
     D:2: 1123 daAuts
     D:5: 1019 daAuts
     D:4: 974 daAuts
     D:7: 950 daAuts
     D:1: 897 daAuts
     D:8: 833 daAuts
    D:10: 43 daAuts
